 Dungeon Crawl Stone Soup version 0.15.2 (webtiles) character file.

283768 Heini the Shatterer (level 20, -6/200 HPs)
             Began as a Minotaur Fighter on Feb 7, 2015.
             Was a High Priest of Okawaru.
             Mangled by a cyan ugly thing (12 damage)
             ... on Level 3 of the Vaults.
             The game lasted 03:10:33 (43179 turns).

Heini the Shatterer (Minotaur Fighter)             Turns: 43179, Time: 03:10:33

HP  -6/200       AC 36     Str 29      XL: 20   Next: 13%
MP  11/12        EV 13     Int  5      God: Okawaru [*****.]
Gold 2636        SH  0     Dex 11      Spells:  0 memorised, 19 levels left

rFire  . . .     SeeInvis .     z - +1 great mace (drain)
rCold  + + .     Clarity  .     C - +2 plate armour {rPois}
rNeg   + . .     rCorr    .     (no shield)
rPois  +         rRot     .     Y - +1 hat of Prudence {rC+ Slay+2}
rElec  .         Spirit   .     R - +1 cloak {+Inv}
SustAb .         Warding  +     N - +0 pair of gloves
rMut   .         Stasis   .     k - +0 pair of boots
Gourm  .                        D - brooch of Shielding {Ward rN+ AC+4 EV+4}
MR     ++...                    B - ring of protection from magic
                                n - ring of protection from cold

@: about to teleport, heroism, very resistant to hostile enchantments, extremely
unstealthy
A: retaliatory headbutt, horns 2, icy blue scales 1
a: Heroism, Finesse, Renounce Religion, Evoke Invisibility
}: 1/15 runes: serpentine


You were on level 3 of the Vaults.
You worshipped Okawaru.
Okawaru was extremely pleased with you.
You were hungry.

You visited 7 branches of the dungeon, and saw 38 of its levels.
You visited the Abyss 1 time.
You also visited: Volcano.

You collected 3436 gold pieces.
You spent 800 gold pieces at shops.

Inventory:

Hand weapons
 z - a +1 great mace of draining (weapon)
Armour
 c - a +2 crystal plate armour
 k - a +0 pair of boots (worn)
 C - a +2 plate armour of poison resistance (worn)
 N - a +0 pair of gloves (worn)
 R - a +1 cloak of darkness (worn)
 Y - the +1 hat of Prudence (worn) {rC+ Slay+2}
   (Okawaru gifted it to you on level 4 of the Orcish Mines)

   It affects your accuracy and damage with ranged weapons and melee attacks
   (+2).
   It protects you from cold.
Magical devices
 f - a wand of digging (4)
 u - a wand of heal wounds (0)
 L - a wand of teleportation (2)
 M - a wand of hasting (4)
 P - a wand of teleportation (1)
Comestibles
 d - 22 bread rations
 j - 29 fruits
 o - 9 beef jerkies
 r - 15 meat rations
 t - 13 slices of pizza
 x - 2 royal jellies
 X - 5 rotting chunks of sphinx flesh
Scrolls
 b - a scroll of summoning
 g - 7 scrolls of fear
 p - 5 scrolls of enchant weapon
 s - 5 scrolls of fog
 v - 2 scrolls of magic mapping
 y - 7 scrolls of enchant armour
 A - 8 scrolls of teleportation
 E - 3 scrolls of amnesia
 J - 5 scrolls of blinking
 Q - 4 scrolls of recharging
 T - 11 scrolls of identify
 V - 16 scrolls of remove curse
 Z - a scroll of silence
Jewellery
 m - an uncursed ring of protection from fire {unknown}
 n - a ring of protection from cold (left hand)
 w - an uncursed ring of teleport control
 B - a ring of protection from magic (right hand)
 D - the brooch of Shielding (around neck) {Ward rN+ AC+4 EV+4}
   (You found it on level 6 of the Dungeon)

   [amulet of warding]

   It may prevent the melee attacks of summoned creatures.
   It affects your AC (+4).
   It affects your evasion (+4).
   It protects you from negative energy.
 W - an uncursed ring of see invisible
Potions
 a - 6 potions of restore abilities
 e - 6 potions of might
 h - a potion of cancellation
 i - 14 potions of curing
 l - 3 potions of cure mutation
 q - a potion of flight
 F - 8 potions of brilliance
 G - 3 potions of agility
 H - a potion of porridge
 I - 2 potions of invisibility
 K - 4 potions of haste
 O - 2 potions of magic
 S - 3 potions of berserk rage
 U - 4 potions of resistance


   Skills:
 * Level 21.8(26.8) Fighting
 * Level 26.7(27) Maces & Flails
 * Level 19.2(24.2) Armour
   Level 3.6(8.6) Shields
 + Level 1.1 Invocations
 + Level 1.5 Evocations


You had 19 spell levels left.
You didn't know any spells.

Dungeon Overview and Level Annotations

Branches:
Dungeon (15/15)            Temple (1/1) D:5             Orc (4/4) D:11
    Elf (0/3) Orc:4          Lair (8/8) D:11         Shoals (0/5) Lair:4
  Snake (5/5) Lair:5        Slime (1/6) Lair:6       Vaults (4/5) D:13
  Crypt (0/3) Vaults:2     Depths (0/5) D:15

Altars:
Ashenzari
Cheibriados
Dithmenos
Elyvilon
Fedhas
Kikubaaqudgha
Makhleb
Nemelex Xobeh
Okawaru
Qazlal
Sif Muna
Trog
Vehumet
Xom
Yredelemnul
Zin
The Shining One

Shops:
D:4 [   D:8 [   D:10 =   D:12 ?   Orc:2 ([!:*   Orc:4 ([*:

Annotations:
D:14 exclusion: downstairs


Innate Abilities, Weirdness & Mutations

You reflexively headbutt those who attack you in melee.
You have a pair of horns on your head.
You are partially covered in icy blue scales (AC +1).


Message History

* * * LOW HITPOINT WARNING * * *
You are engulfed in flames!
* * * LOW HITPOINT WARNING * * *
The deep troll misses you.
The deep troll claws you but does no damage.
The deep troll claws you!
* * * LOW HITPOINT WARNING * * *
The deep troll bites you but does no damage.
The deep troll claws you but does no damage. x2
The deep troll bites you.
* * * LOW HITPOINT WARNING * * *
The deep troll completely misses you. The deep troll closely misses you.
The red ugly thing stings you!
* * * LOW HITPOINT WARNING * * *
You are engulfed in flames!
* * * LOW HITPOINT WARNING * * *
The cyan ugly thing trunk-slaps you.
* * * LOW HITPOINT WARNING * * *
The cyan ugly thing shocks you!
You die...

#####....####....................
..#.##..##.##((..................
..#..#..#..##(###########........
..#..#..#..#......# #........
..'..'..'..((.....# #........
..##########......# #........ ..#
#..CTu.# #.....|.. ..# #..T>u.#
#........ ### #..uT@.# #...(....
### #......# #..(..... ..#
######## #........ #.##
##############........ #..#
##.#.#.#.#.#.##........
#..########.............#.(......
#.........##...........##........
#.........#...#..#..#...#........
..........##....(...)..##........


You could see 3 ugly things, an ettin and 3 deep trolls.

Vanquished Creatures
  Saint Roka (Snake:5)
  An acid blob (Lair:6)
  A lich (Vaults:2)
  2 tentacled starspawn (Abyss:1)
  A sphinx (Vaults:3)
  Rupert (Lair:6)
  Frances (Snake:3)
  Kirke (Snake:1)
  11 greater nagas
  A tengu reaver (Vaults:1)
  An orc warlord (Orc:4)
  Donald (Snake:4)
  8 vault wardens
  A deep elf sorcerer (Vaults:2)
  Aizul (Snake:2)
  Gastronok (Lair:2)
  2 very ugly things (Vaults:3)
  2 stone giants (Vaults:3)
  A war gargoyle (Vaults:3)
  A deep elf demonologist (Vaults:1)
  4 deep elf annihilators (Vaults:1)
  Azrael (Snake:1)
  4 dire elephants (Lair:8)
  2 ettins
  A deep elf death mage (Vaults:2)
  Snorg (Lair:5)
  9 vault guards
  A fire dragon (Vaults:2)
  9 ironheart preservers
  Josephine (D:11)
  2 great orbs of eyes
  7 yaktaur captains
  Fannar (Orc:4)
  13 naga warriors
  3 rakshasas
  5 anacondas
  2 ice dragons (Vaults:3)
  9 hydras
  A ravenous feature mimic (Lair:7)
  9 centaur warriors
  9 ogre magi
  5 tengu warriors (D:14)
  3 shock serpents
  9 death yaks
  17 naga sharpshooters
  A fire crab (shapeshifter) (Vaults:3)
  Nergalle (Lair:2)
  3 orc high priests (Orc:4)
  3 unseen horrors
  4 deep elf knights
  4 skeletal warriors (D:15)
  2 salamander mystics (Snake:4)
  Erolcha (D:11)
  A deep elf summoner (Vaults:1)
  A deep troll (Vaults:3)
  4 naga ritualists
  5 wizards
  Pikel (D:5)
  8 hill giants
  5 griffons
  9 orc knights
  4 wolf spiders
  6 mana vipers
  A harpy (shapeshifter) (D:15)
  12 ironbrand convokers
  2 deep elf conjurers
  24 ugly things
  7 harpies
  3 cyclopes
  A manticore (D:14)
  4 orc sorcerers (Orc:4)
  A red wasp (Vaults:3)
  3 mermaids (Lair:4)
  A guardian serpent (shapeshifter) (Vaults:1)
  11 salamanders
  A centaur zombie (D:15)
  A mermaid (shapeshifter) (Vaults:2)
  Maurice (D:11)
  17 elephants
  31 black mambas
  2 gargoyles
  25 naga magi
  10 spiny frogs
  An orange demon (Orc:4)
  A centaur skeleton (D:11)
  A queen ant (Lair:6)
  12 vault sentinels
  Psyche (D:12)
  21 yaktaurs
  4 fire drakes
  A kobold demonologist (Vaults:3)
  A yaktaur (shapeshifter) (D:15)
  A tengu conjurer (D:14)
  15 komodo dragons
  An ancient zyme (Abyss:1)
  3 deep elf priests (Vaults:3)
  15 two-headed ogres
  A freezing wraith (Vaults:3)
  A merfolk (Lair:4)
  A catoblepas zombie (D:13)
  8 trolls
  2 jumping spiders (Vaults:1)
  2 polar bears
  Sonja (D:11)
  A raiju (shapeshifter) (Vaults:2)
  6 ravens (D:14)
  2 jumping spiders (shapeshifter) (Vaults:1)
  27 blink frogs
  2 boulder beetles
  21 slime creatures
  A baby alligator (shapeshifter) (Vaults:3)
  2 humans
  A redback (Vaults:1)
  A tarantella (Vaults:1)
  2 basilisks
  56 yaks
  3 fire elementals (Snake:1)
  5 hogs
  6 deep elf magi
  3 wyverns
  A water elemental (D:11)
  2 wraiths
  8 deep elf fighters
  A fire bat (Volcano)
  Grum (D:9)
  2 steam dragons
  9 hippogriffs
  16 wolves
  3 hungry ghosts
  2 hill giant skeletons
  2 mottled dragons (Vaults:1)
  A soldier ant (shapeshifter) (D:15)
  18 vampire mosquitoes
  5 wargs
  3 hell hounds (Snake:1)
  6 soldier ants
  38 nagas
  24 water moccasins
  11 porcupines
  A small abomination (Abyss:1)
  7 phantoms
  37 orc warriors
  2 sky beasts
  A slave (D:5)
  A snapping turtle zombie (Abyss:1)
  A boring beetle (shapeshifter) (Vaults:3)
  A necrophage (D:7)
  6 ice beasts
  A boring beetle (Lair:8)
  25 ogres
  3 boggarts (Vaults:1)
  28 centaurs
  9 crocodiles
  2 gnoll sergeants
  25 giant frogs
  A brain worm (Lair:4)
  An insubstantial wisp (Abyss:1)
  5 scorpions
  18 killer bees
  A wyvern skeleton (D:11)
  2 eyes of draining
  3 troll skeletons
  2 yak zombies (D:11)
  4 electric eels (D:11)
  10 wights
  A quasit (D:10)
  9 crimson imps
  2 goliath beetles
  An iron imp (Abyss:1)
  25 orc priests
  A two-headed ogre zombie (D:8)
  13 hounds
  4 jellies
  A black bear skeleton (D:7)
  35 worker ants
  6 iguanas
  42 orc wizards
  2 sheep (D:7)
  An ogre zombie (D:11)
  Jessica (D:2)
  A hound zombie (D:10)
  A mummy (D:9)
  2 worker ant zombies
  34 adders
  33 green rats
  10 gnolls
  A scorpion zombie (D:5)
  12 orc zombies (Orc:4)
  9 shadow imps
  A worm (D:3)
  2 ufetubi
  An adder skeleton (D:5)
  An iguana skeleton (D:8)
  An orc skeleton (Orc:4)
  6 giant geckos
  160 orcs
  18 bats
  A bat zombie (D:5)
  5 giant cockroaches
  15 goblins
  17 hobgoblins
  11 jackals
  15 kobolds
  2 oozes
  13 quokkas
  5 giant newts
  2 giant spores
  3 kobold skeletons
  16 rats
  A rat skeleton (D:4)
  2 ballistomycetes
  A crawling corpse (Vaults:3)
  3 fungi
  8 plants
  A starspawn tentacle (Abyss:1)
1530 creatures vanquished.

Vanquished Creatures (others)
  An ironbrand convoker (Vaults:2)
  3 humans (Snake:1)
  A deep elf fighter (Vaults:1)
  A lost soul (Vaults:2)
  An orc wizard (Orc:4)
  An orange rat (Vaults:1)
  A ballistomycete (D:10)
  A crawling corpse (Vaults:3)
  12 fungi
  2 plants
  3 starspawn tentacles (Abyss:1)
  19 starspawn tentacle segments (Abyss:1)
46 creatures vanquished.

Grand Total: 1576 creatures vanquished

Notes
Turn   | Place    | Note
--------------------------------------------------------------
     0 | D:1      | Heini, the Minotaur Fighter, began the quest for the Orb.
     0 | D:1      | Reached XP level 1. HP: 19/19 MP: 1/1
    33 | D:1      | Reached skill level 4 in Armour
    80 | D:1      | Reached XP level 2. HP: 21/27 MP: 1/1
   472 | D:2      | Reached XP level 3. HP: 30/34 MP: 2/2
   543 | D:2      | Noticed Jessica
   550 | D:2      | Killed Jessica
   775 | D:2      | Reached XP level 4. HP: 35/41 MP: 2/2
  1093 | D:2      | Reached skill level 5 in Fighting
  1252 | D:3      | Found a sparkling altar of Nemelex Xobeh.
  1291 | D:3      | Reached skill level 5 in Armour
  1539 | D:3      | Reached XP level 5. HP: 28/48 MP: 2/2
  2229 | D:4      | Noticed a phantom
  2258 | D:4      | Killed a phantom
  2258 | D:4      | Reached XP level 6. HP: 39/57 MP: 3/3
  2376 | D:4      | Noticed an ogre
  2380 | D:4      | Killed an ogre
  2380 | D:4      | Reached skill level 5 in Maces & Flails
  2380 | D:4      | Reached skill level 6 in Armour
  2505 | D:4      | Found Kadupal's Antique Armour Boutique.
  2784 | D:5      | Entered Level 5 of the Dungeon
  2903 | D:5      | Found a staircase to the Ecumenical Temple.
  2906 | D:5      | Noticed Pikel
  2928 | D:5      | Killed Pikel
  2928 | D:5      | Reached skill level 7 in Armour
  2928 | D:5      | Reached XP level 7. HP: 39/64 MP: 3/3
  2959 | Temple   | Entered the Ecumenical Temple
  2999 | Temple   | Became a worshipper of Warmaster Okawaru
  3220 | D:5      | Reached XP level 8. HP: 55/71 MP: 3/3
  3564 | D:5      | Found a snail-covered altar of Cheibriados.
  3674 | D:6      | Reached skill level 8 in Armour
  3932 | D:6      | Noticed a hill giant
  3944 | D:6      | Killed a hill giant
  3944 | D:6      | Acquired Okawaru's first power
  3944 | D:6      | Reached skill level 9 in Armour
  3962 | D:6      | Reached XP level 9. HP: 43/80 MP: 4/4
  4630 | D:7      | Found a shadowy altar of Dithmenos.
  4630 | D:7      | Found a radiant altar of Vehumet.
  4631 | D:7      | Found an ancient bone altar of Kikubaaqudgha.
  5075 | D:7      | Reached skill level 10 in Armour
  5362 | D:7      | Reached skill level 10 in Maces & Flails
  6471 | D:8      | Reached skill level 11 in Armour
  6484 | D:8      | Found Motaddi's Antique Armour Boutique.
  6491 | D:8      | Bought a runed hat for 124 gold pieces
  6671 | D:8      | Reached XP level 10. HP: 91/91 MP: 4/4
  6731 | D:9      | Noticed Grum
  6755 | D:9      | Killed Grum
  7248 | D:9      | Got a pitted marble ring
  7550 | D:10     | Entered Level 10 of the Dungeon
  7564 | D:10     | Reached skill level 10 in Fighting
  7674 | D:10     | Noticed a hill giant
  7683 | D:10     | Killed a hill giant
  7683 | D:10     | Reached skill level 12 in Maces & Flails
  7894 | D:10     | Acquired Okawaru's second power
  7931 | D:10     | Received a gift from Okawaru
  8226 | D:10     | Reached XP level 11. HP: 83/101 MP: 4/4
  8308 | D:10     | Found Gunniech's Jewellery Emporium.
  8535 | D:11     | Reached skill level 13 in Maces & Flails
  8641 | D:11     | Noticed Josephine
  8688 | D:11     | Killed Josephine
  8894 | D:11     | Noticed a hill giant
  8911 | D:11     | Killed a hill giant
  8933 | D:11     | Found a staircase to the Orcish Mines.
  9245 | D:11     | Reached skill level 14 in Maces & Flails
  9307 | D:11     | Noticed Erolcha
  9328 | D:11     | Killed Erolcha
  9328 | D:11     | Received a gift from Okawaru
  9662 | D:11     | Noticed Sonja
  9680 | D:11     | Killed Sonja
  9736 | D:11     | Found a staircase to the Lair.
  9737 | D:11     | Noticed Maurice
  9775 | D:11     | Reached XP level 12. HP: 55/113 MP: 5/5
  9805 | D:11     | Killed Maurice
  9819 | Lair:1   | Entered Level 1 of the Lair of Beasts
  9911 | Lair:1   | Found a blossoming altar of Fedhas.
 10619 | Lair:1   | Reached skill level 15 in Maces & Flails
 10822 | Lair:1   | Noticed a seven-headed hydra
 10851 | Lair:1   | Killed a seven-headed hydra
 11184 | Lair:2   | Noticed Nergalle
 11198 | Lair:2   | Killed Nergalle
 11198 | Lair:2   | Received a gift from Okawaru
 11233 | Lair:2   | Noticed Gastronok
 11254 | Lair:2   | Killed Gastronok
 11421 | Lair:2   | Received a gift from Okawaru
 11907 | Lair:2   | Reached skill level 16 in Maces & Flails
 12079 | Lair:3   | Noticed an eight-headed hydra
 12096 | Lair:3   | Killed an eight-headed hydra
 12393 | Lair:3   | Reached XP level 13. HP: 25/123 MP: 5/5
 12405 | Lair:3   | Identified the cursed ring of the Special Places {Fire rN+} (You took it off a centaur on level 9 of the Dungeon)
 13756 | Lair:4   | Received a gift from Okawaru
 14207 | Lair:4   | Reached skill level 17 in Maces & Flails
 14665 | Lair:4   | Reached skill level 15 in Armour
 14763 | Lair:4   | Found a staircase to the Shoals.
 15488 | Lair:5   | Found a staircase to the Snake Pit.
 15648 | Lair:5   | Noticed Snorg
 15666 | Lair:5   | Killed Snorg
 15666 | Lair:5   | Received a gift from Okawaru
 15666 | Lair:5   | Reached skill level 15 in Fighting
 16367 | Lair:5   | Gained mutation: You are partially covered in icy blue scales (AC +1). [potion of beneficial mutation]
 16385 | Snake:1  | Entered Level 1 of the Snake Pit
 16550 | Lair:6   | Found a staircase to the Slime Pits.
 16572 | Lair:6   | Reached skill level 18 in Maces & Flails
 16589 | Lair:6   | Reached XP level 14. HP: 100/135 MP: 5/5
 16676 | Lair:6   | Noticed Rupert
 16686 | Lair:6   | Killed Rupert
 16686 | Lair:6   | Received a gift from Okawaru
 17947 | Lair:8   | Entered Level 8 of the Lair of Beasts
 18222 | Lair:8   | Reached skill level 19 in Maces & Flails
 18650 | Lair:8   | Received a gift from Okawaru
 19494 | Snake:1  | Noticed Kirke
 19502 | Snake:1  | Killed Kirke
 19502 | Snake:1  | Reached XP level 15. HP: 123/146 MP: 7/7
 19745 | Snake:1  | Reached skill level 20 in Maces & Flails
 19745 | Snake:1  | Reached XP level 16. HP: 152/155 MP: 7/7
 19760 | Snake:1  | Noticed Azrael
 20140 | Snake:1  | Killed Azrael
 20315 | Snake:2  | Noticed Aizul
 20325 | Snake:2  | Killed Aizul
 20325 | Snake:2  | Reached skill level 1 in Evocations
 20411 | Snake:2  | Received a gift from Okawaru
 21396 | Snake:3  | Noticed Frances
 21409 | Snake:3  | Killed Frances
 22308 | Orc:1    | Entered Level 1 of the Orcish Mines
 22468 | Orc:1    | Found a burning altar of Makhleb.
 22727 | Orc:2    | Found an iron altar of Okawaru.
 22732 | Orc:2    | Found Theiz's Distillery.
 22733 | Orc:2    | Found Skueb's Book Shoppe.
 22829 | Orc:2    | Found Feretz's Weapon Emporium.
 23202 | Orc:2    | Found Schoukiusm's Antique Armour Emporium.
 23488 | Orc:2    | Found Acuahec's Assorted Antiques.
 23755 | Orc:4    | Entered Level 4 of the Orcish Mines
 23842 | Orc:4    | Found a dark tunnel.
 23849 | Volcano  | Entered a volcano
 23881 | Volcano  | Reached skill level 21 in Maces & Flails
 24457 | Orc:4    | Found a staircase to the Elven Halls.
 24518 | Orc:4    | Noticed Fannar
 24532 | Orc:4    | Killed Fannar
 25093 | Orc:4    | Found a shimmering altar of Xom.
 26098 | Orc:4    | Received a gift from Okawaru
 26115 | Orc:4    | Got a fine hat {god gift}
 26190 | Orc:4    | Identified the +1 hat of Prudence {rC+ Slay+2} (Okawaru gifted it to you on level 4 of the Orcish Mines)
 26210 | Orc:4    | Found Shylyda's Antique Armour Emporium.
 26327 | Orc:4    | Found Mninuonk's General Store.
 26327 | Orc:4    | Found Tuitioco's Book Emporium.
 26329 | Orc:4    | Found Xuel's Antique Weapon Shoppe.
 27596 | Snake:4  | Noticed Donald
 27608 | Snake:4  | Reached XP level 17. HP: 140/166 MP: 9/9
 27617 | Snake:4  | Killed Donald
 28245 | Snake:5  | Entered Level 5 of the Snake Pit
 28298 | Snake:5  | Reached skill level 22 in Maces & Flails
 28663 | Snake:5  | Noticed Saint Roka
 28693 | Snake:5  | Killed Saint Roka
 29104 | Snake:5  | Received a gift from Okawaru
 30874 | Snake:5  | Got a faintly glowing cloak {god gift}
 31146 | Snake:5  | Identified the -2 cloak of Honour {Dex+4 Stlth+} (Okawaru gifted it to you on level 5 of the Snake Pit)
 31246 | Snake:5  | Reached skill level 23 in Maces & Flails
 31437 | Snake:5  | Received a gift from Okawaru
 31440 | Snake:5  | Got a pair of brightly glowing boots {god gift}
 31451 | Snake:5  | Identified the -1 pair of boots of Disaster {Str+1 Dex+2} (Okawaru gifted it to you on level 5 of the Snake Pit)
 31481 | Snake:5  | Got a serpentine rune of Zot
 31763 | Snake:5  | Found a blossoming altar of Fedhas.
 32067 | D:11     | Noticed a hill giant
 32073 | D:11     | Killed a hill giant
 32496 | D:12     | Found Ceelarewn's Magic Scroll Shoppe.
 32535 | D:12     | Noticed Psyche
 32539 | D:12     | Killed Psyche
 32602 | D:12     | Bought a scroll of acquirement for 676 gold pieces
 32847 | D:12     | Found a shattered altar of Ashenzari.
 33206 | D:13     | Reached XP level 18. HP: 178/178 MP: 10/10
 33972 | D:13     | Found a gate to the Vaults.
 34903 | D:15     | Entered Level 15 of the Dungeon
 34995 | D:15     | Found a staircase to the Depths.
 35391 | D:15     | Received a gift from Okawaru
 35487 | D:15     | Reached skill level 24 in Maces & Flails
 35808 | D:15     | Received a gift from Okawaru
 36301 | Slime:1  | Entered Level 1 of the Pits of Slime
 36757 | Vaults:1 | Entered Level 1 of the Vaults
 38294 | Vaults:1 | Received a gift from Okawaru
 38453 | Vaults:1 | Reached XP level 19. HP: 188/188 MP: 11/11
 38725 | Vaults:1 | Reached skill level 25 in Maces & Flails
 39186 | Vaults:2 | Cast into the Abyss (deep elf sorcerer)
 39359 | Vaults:2 | Escaped the Abyss
 39602 | Vaults:2 | Received a gift from Okawaru
 39630 | Vaults:2 | Found a staircase to the Crypt.
 40045 | Vaults:2 | Found a deep blue altar of Sif Muna.
 40519 | Vaults:2 | Paralysed by a wizard for 2 turns
 40615 | Vaults:2 | Received a gift from Okawaru
 41060 | Vaults:3 | Reached skill level 26 in Maces & Flails
 41106 | Vaults:3 | Received a gift from Okawaru
 41326 | Vaults:3 | Reached skill level 1 in Invocations
 41495 | Vaults:3 | Found a magical portal.
 42109 | Vaults:3 | Reached XP level 20. HP: 126/199 MP: 12/12
 42780 | Vaults:4 | Paralysed by a sphinx for 2 turns
 43178 | Vaults:3 | HP: 6/200 [red ugly thing (15)]
 43179 | Vaults:3 | Mangled by a cyan ugly thing

Action                   |  1- 3 |  4- 6 |  7- 9 | 10-12 | 13-15 | 16-18 | 19-21 || total
-------------------------+-------+-------+-------+-------+-------+-------+-------++-------
Melee: Flail             |    68 |   168 |   303 |  1041 |   438 |       |       ||  2018
       Unarmed           |     1 |       |       |       |       |       |       ||     1
       Dire flail        |       |       |       |       |   555 |  1595 |       ||  2150
       Great mace        |       |       |       |       |       |   381 |   617 ||   998
Invok: Heroism           |       |       |       |       |       |     2 |     2 ||     4
       Finesse           |       |       |       |       |       |     1 |     1 ||     2
Evoke: Wand              |       |       |     1 |     2 |     6 |     9 |     5 ||    23
  Use: Scroll            |     6 |     6 |     6 |     5 |    16 |     9 |     2 ||    50
       Potion            |       |       |       |       |     4 |     6 |       ||    10
 Stab: Distracted        |       |       |       |       |       |     1 |       ||     1
  Eat: Chunk             |       |     7 |    11 |    20 |    25 |    59 |    10 ||   132
       Fruit             |       |       |       |       |       |     1 |       ||     1
       Meat ration       |       |       |       |       |       |       |     1 ||     1
